 Dungeon Sprint DCSS version 0.21.1-1-g345015f (webtiles) character file.

9400000 Fang the Axe Maniac (level 27, -19/273 HPs)
             Began as a Minotaur Gladiator on May 7, 2018.
             Was the Champion of Makhleb.
             Demolished by a meat beast (25 damage)
             ... in the Dungeon (Sprint VIII: "Arena of Blood").
             The game lasted 00:01:12 (94 turns).

Fang the Axe Maniac (Minotaur Gladiator)              Turns: 94, Time: 00:01:13

Health: -19/273    AC:  6    Str: 32    XL:     27
Magic:  34/53      EV: 28    Int:  5    God:    Makhleb [******]
Gold:   0          SH:  0    Dex: 12    Spells: 80/80 levels left

rFire    . . .     SeeInvis .   l - +∞ Axe of Woe
rCold    . . .     Gourm    .   (shield currently unavailable)
rNeg     . . .     Faith    .   b - +0 leather armour
rPois    .         Spirit   .   c - +0 hat
rElec    .         Reflect  .   (no cloak)
rCorr    .         Harm     .   (no gloves)
MR       ++...     NoTele   +   (no boots)
Stlth    +++++++++.             (no amulet)
HPRegen  0.55/turn              (no ring)
MPRegen  0.33/turn              (no ring)

@: slowed, very slow
A: retaliatory headbutt, horns 2
a: Minor Destruction, Lesser Servant of Makhleb, Major Destruction, Greater
Servant of Makhleb, Renounce Religion


You were in the Dungeon.
You worshipped Makhleb.
Makhleb was exalted by your worship.
You were not hungry.

You visited 1 branch

Inventory:

Hand Weapons
 a - a +0 war axe
 l - the +∞ Axe of Woe (weapon)
   (You found it in the Dungeon)
Missiles
 d - 3 throwing nets (quivered)
Armour
 b - a +0 leather armour (worn)
 c - a +0 hat (worn)
Scrolls
 k - a scroll of blinking
Potions
 e - a potion of curing
 g - a potion of heal wounds
 h - a potion of haste
 i - 2 potions of magic
 j - a potion of berserk rage
Comestibles
 f - a ration


   Skills:
 O Level 27 Fighting
 O Level 27 Axes
 O Level 27 Throwing
 O Level 27 Armour
 O Level 27 Dodging
 O Level 27 Stealth
 O Level 27 Unarmed Combat
 O Level 27 Spellcasting
 O Level 27 Invocations


You had 80 spell levels left.
You didn't know any spells.

Dungeon Overview and Level Annotations

Branches:
Dungeon (1/1)

Altars:
Makhleb


Innate Abilities, Weirdness & Mutations

You reflexively headbutt those who attack you in melee.
You have a pair of horns on your head.


Message History

* * * LOW HITPOINT WARNING * * *
You hear a shout!
You hear a deafening roar!
You hear a shout!
A meat berserker comes into view. It is wielding a +9 battleaxe.
You are engulfed in blazing flames.
* * * LOW HITPOINT WARNING * * *
The meat beast is engulfed in blazing flames. x3
The meat beast bites you but does no damage.
The meat beast tramples you.
* * * LOW HITPOINT WARNING * * *
You stumble backwards!
You hear a shout! x2
The meat beast is engulfed in blazing flames.
The bag of meat is engulfed in blazing flames.
The dread is engulfed in blazing flames.
The destroyer blinks! x2
The tyrant casts a spell.
The tyrant seems to speed up.
The meat beast is engulfed in blazing flames.
The meat beast bites you!!
You die...

.......X... ...
......XLo. ...
§o§...L.. ....
#§).....# .#...
#W§§o...#
.....###§oo....###.
.....oo2D§###......
..#...V2§))_......
#...§oo@#O)...#.
.....V..#Vo<._#
#.......#..)..#..
..#.....)))_......
..D.....))###......
..O..###... ..###.
..... #.... ..#
o.2.z #..... .#
.........


You could see 3 meat beasts, 2 tyrants, 2 eight-headed meat hydras, 2
destroyers, a sculptor of flesh, a large abomination, a dread, a meat berserker
(berserk) and 10 bags of meat.

Vanquished Creatures
  Sigmund (D)
  6 hell beasts (D)
  2 greater mummies (D)
  4 wraiths (D)
  9 vampire knights (D)
  26 ogres (D)
  5 two-headed ogres (D)
  2 liches (D)
  50 orcs (D)
  3 phantoms (D)
  5 skeletal warriors (D)
  3 large abominations (D)
  5 small abominations (D)
  11 crawling corpses (D)
132 creatures vanquished.

Vanquished Creatures (others)
  2 orcs (D)
  2 crawling corpses (D)
4 creatures vanquished.

Grand Total: 136 creatures vanquished

Notes
Turn   | Place    | Note
-------+----------+-------------------------------------------
     0 | D        | Found the +∞ Axe of Woe
     0 | D        | Fang the Minotaur Gladiator began the quest for the Orb.
     0 | D        | Reached XP level 1. HP: 18/18 MP: 0/0
     3 | D        | Noticed a bag of meat
     4 | D        | Became a worshipper of Makhleb the Destroyer
     5 | D        | Noticed a bag of meat
     7 | D        | Noticed a bag of meat
     7 | D        | Noticed a bag of meat
     9 | D        | Noticed a meat berserker
     9 | D        | Killed a bag of meat
     9 | D        | Reached skill level 10 in Throwing
     9 | D        | Reached XP level 2. HP: 40/40 MP: 1/1
     9 | D        | Reached XP level 3. HP: 47/47 MP: 2/2
     9 | D        | Reached XP level 4. HP: 55/55 MP: 3/3
     9 | D        | Reached XP level 5. HP: 61/61 MP: 4/4
     9 | D        | Reached XP level 6. HP: 68/68 MP: 5/5
     9 | D        | Reached XP level 7. HP: 74/74 MP: 6/6
     9 | D        | Reached XP level 8. HP: 82/82 MP: 7/7
     9 | D        | Reached XP level 9. HP: 89/89 MP: 8/8
     9 | D        | Reached XP level 10. HP: 96/96 MP: 9/9
     9 | D        | Reached XP level 11. HP: 103/103 MP: 10/10
    10 | D        | Noticed a bag of meat
    10 | D        | Noticed a bag of meat
    11 | D        | Killed a meat berserker
    11 | D        | Reached * piety under Makhleb
    11 | D        | Reached XP level 12. HP: 117/117 MP: 11/11
    11 | D        | Reached XP level 13. HP: 124/124 MP: 12/12
    12 | D        | Noticed a bag of meat
    12 | D        | Killed a bag of meat
    12 | D        | Reached skill level 15 in Fighting
    12 | D        | Reached skill level 27 in Axes
    12 | D        | Reached XP level 14. HP: 135/135 MP: 13/13
    13 | D        | Noticed a meat berserker
    13 | D        | Noticed a meat berserker
    13 | D        | Noticed a large bag of meat
    13 | D        | Noticed a bag of meat
    14 | D        | Noticed a bag of meat
    15 | D        | Noticed a meat berserker
    15 | D        | Killed a bag of meat
    15 | D        | Reached skill level 15 in Throwing
    15 | D        | Killed a meat berserker
    15 | D        | Reached ** piety under Makhleb
    15 | D        | Reached skill level 27 in Dodging
    15 | D        | Reached XP level 15. HP: 148/160 MP: 14/14
    16 | D        | Noticed a meat berserker
    16 | D        | Killed a meat berserker
    16 | D        | Reached XP level 16. HP: 182/182 MP: 15/15
    16 | D        | Reached skill level 27 in Fighting
    17 | D        | Reached *** piety under Makhleb
    17 | D        | Reached skill level 27 in Throwing
    18 | D        | Reached XP level 17. HP: 191/191 MP: 15/23
    19 | D        | Killed a large bag of meat
    19 | D        | Reached skill level 10 in Stealth
    20 | D        | Killed a meat berserker
    20 | D        | Reached **** piety under Makhleb
    20 | D        | Reached skill level 15 in Unarmed Combat
    20 | D        | Reached skill level 10 in Spellcasting
    20 | D        | Reached XP level 18. HP: 200/200 MP: 15/31
    20 | D        | Reached skill level 15 in Invocations
    21 | D        | Reached skill level 15 in Stealth
    22 | D        | Killed a meat berserker
    22 | D        | Reached ***** piety under Makhleb
    22 | D        | Reached XP level 19. HP: 207/207 MP: 15/36
    24 | D        | Reached skill level 15 in Spellcasting
    26 | D        | Noticed a destroyer
    31 | D        | Reached XP level 20. HP: 216/216 MP: 17/40
    32 | D        | Noticed a meat berserker
    33 | D        | Killed a destroyer
    33 | D        | Reached skill level 27 in Armour
    34 | D        | Noticed a meat berserker
    35 | D        | Noticed a destroyer
    35 | D        | Reached ****** piety under Makhleb
    37 | D        | Killed a meat berserker
    37 | D        | Reached skill level 27 in Unarmed Combat
    37 | D        | Reached XP level 21. HP: 224/224 MP: 18/44
    38 | D        | Reached skill level 27 in Invocations
    39 | D        | Reached skill level 27 in Stealth
    43 | D        | Killed a destroyer
    43 | D        | Reached skill level 27 in Spellcasting
    43 | D        | Reached XP level 22. HP: 197/233 MP: 20/52
    49 | D        | Noticed a destroyer
    49 | D        | Noticed a destroyer
    49 | D        | Noticed a destroyer
    49 | D        | Noticed a large bag of meat
    52 | D        | Noticed a tyrant
    52 | D        | Killed a destroyer
    52 | D        | Reached XP level 23. HP: 240/240 MP: 22/53
    55 | D        | Noticed an accursed
    55 | D        | Noticed an accursed
    55 | D        | Killed a destroyer
    55 | D        | Reached XP level 24. HP: 249/249 MP: 23/53
    56 | D        | Noticed a tyrant
    57 | D        | Killed a large bag of meat
    57 | D        | Killed a destroyer
    57 | D        | Reached XP level 25. HP: 257/257 MP: 23/53
    58 | D        | Noticed a destroyer
    61 | D        | Noticed The Captor
    61 | D        | Reached XP level 26. HP: 266/266 MP: 24/53
    62 | D        | Killed a tyrant
    67 | D        | Noticed a dread
    67 | D        | Noticed a dread
    67 | D        | Killed The Captor
    67 | D        | Reached XP level 27. HP: 154/273 MP: 26/53
    70 | D        | Killed a tyrant
    71 | D        | Noticed a destroyer
    72 | D        | Killed a destroyer
    72 | D        | Killed a dread
    72 | D        | Killed an accursed
    73 | D        | Noticed a large bag of meat
    74 | D        | Noticed a dread
    75 | D        | Noticed a large bag of meat
    75 | D        | Noticed a meat beast
    76 | D        | Noticed a dread
    76 | D        | Killed a dread
    78 | D        | Killed a meat beast
    79 | D        | Noticed a meat beast
    80 | D        | Noticed a meat beast
    80 | D        | Noticed a meat beast
    80 | D        | Killed an accursed
    80 | D        | Killed a large bag of meat
    80 | D        | Killed a destroyer
    81 | D        | Noticed a meat beast
    81 | D        | Noticed a large bag of meat
    81 | D        | Killed a large bag of meat
    82 | D        | Noticed a dread
    82 | D        | Killed a meat beast
    83 | D        | Noticed a destroyer
    83 | D        | Killed a dread
    83 | D        | Killed a meat beast
    83 | D        | Killed a meat beast
    84 | D        | Killed a meat beast
    85 | D        | Noticed a destroyer
    86 | D        | Killed a large bag of meat
    87 | D        | Noticed a meat beast
    87 | D        | Killed a destroyer
    89 | D        | Noticed a destroyer
    89 | D        | Noticed a destroyer
    90 | D        | Noticed a meat beast
    90 | D        | Noticed a destroyer
    90 | D        | Noticed a meat beast
    91 | D        | Noticed a meat beast
    91 | D        | Noticed a tyrant
    92 | D        | Noticed a tyrant
    92 | D        | Killed a dread
    93 | D        | Killed a meat beast
    93 | D        | Killed a destroyer
    94 | D        | HP: 8/273 [something (30)]
    94 | D        | Demolished by a meat beast

Skill      XL: |  1  2  3  4  5  6  7  8  9 10 11 12 13 14 15 16 17 18 19 20 21 |
---------------+----------------------------------------------------------------+-----
Fighting       | 11 14 15 22 26 27 | 27.0
Axes           | 21 25 27 | 27.0
Throwing       | 10 12 13 19 22 27 | 27.0
Dodging        | 18 22 24 27 | 27.0
Armour         | 8 16 22 26 27 | 27.0
Stealth        | 6 13 18 21 24 27 | 27.0
Unarmed Combat | 7 15 20 24 27 | 27.0
Spellcasting   | 4 10 14 17 20 27 | 27.0
Invocations    | 6 14 19 22 26 27 | 27.0

Action                   |  1- 3 |  4- 6 |  7- 9 | 10-12 | 13-15 | 16-18 | 19-21 | 22-24 | 25-27 || total
-------------------------+-------+-------+-------+-------+-------+-------+-------+-------+-------++-------
Melee: Executioner's axe |     1 |       |       |     1 |     3 |     6 |    13 |    11 |    31 ||    66
Armor: Leather armour    |       |       |       |       |       |       |       |       |     2 ||     2
Dodge: Dodged            |       |       |       |       |     1 |       |     1 |       |     7 ||     9
